 Dungeon Crawl Stone Soup version 0.27.1-3-gb3d3a73c9e (webtiles) character file.

Game seed: 11325109790817134493

6 styxcanada the Sneak (level 1, 0/11 HPs)
             Began as a Spriggan Brigand on Oct 17, 2021.
             Slain by an endoplasm (2 damage)
             ... on level 1 of the Dungeon.
             The game lasted 00:01:34 (118 turns).

styxcanada the Sneak (Spriggan Brigand)              Turns: 118, Time: 00:01:34

Health: 0/11       AC:  3    Str:  7    XL:     1   Next: 75%
Magic:  2/2        EV: 16    Int: 12    God:
Gold:   15         SH:  0    Dex: 16    Spells: 0/0 levels left

rFire    . . .     SeeInvis +   a - +2 dagger
rCold    . . .     Faith    .   (shield restricted)
rNeg     . . .     Spirit   .   b - +0 robe
rPois    .         Reflect  .   (helmet restricted)
rElec    .         Harm     .   c - +0 cloak
rCorr    .         Rampage  .   (gloves unavailable)
Will     .....                  (boots unavailable)
Stlth    +++.......             (no amulet)
HPRegen  0.03/turn              (no ring)
MPRegen  0.08/turn              (no ring)

@: very quick
A: very small, no large weapons, unfitting armour, see invisible, speed 3
a: no special abilities


You were on level 1 of the Dungeon.
You visited 1 branch of the dungeon, and saw 1 of its levels.

You collected 15 gold pieces.

Inventory:

Hand Weapons
 a - a +2 dagger (weapon)
Missiles
 d - 8 poisoned darts (quivered)
 e - 2 curare-tipped darts
Armour
 b - a +0 robe (worn)
 c - a +0 cloak (worn)


   Skills:
 * Level 1.7 Fighting
 + Level 2.1 Short Blades
 + Level 2.0 Throwing
 * Level 1.7 Dodging
 * Level 6.2 Stealth


You couldn't memorise any spells.
You didn't know any spells.
Your spell library contained the following spells:

 Spells                   Type           Power      Damage    Failure   Level
 Magic Dart               Conj           0%         1d3       32%         1
 Searing Ray              Conj           0%         3d3       45%         2
 Fulminant Prism          Conj/Hex       0%         3d6       97%         4


Dungeon Overview and Level Annotations

Branches:
Dungeon (1/15)

Altars:


Innate Abilities, Weirdness & Mutations

You are very small and have problems with some larger weapons.
You are too small for most types of armour.
You have supernaturally acute eyesight. (SInv)
You cover ground extremely quickly. (Speed+++)


Message History

The endoplasm jiggles.
Found a scroll labelled GIUWUO UROO.
Found a robe.
f - a scroll labelled GIUWUO UROO
As you read the scroll labelled GIUWUO UROO, it crumbles to dust.
It is a scroll of amnesia.
You feel forgetful for a moment.
You start resting.
An endoplasm is nearby!
Found a ring mail. 3 jackals come into view.
You see here a +0 ring mail.
The helpless jackal fails to defend itself.
You impale the jackal!!
You kill the jackal!
Your Stealth skill increases to level 6!
A jackal comes into view.
The jackal barks! x3
You see here a +0 ring mail.
The endoplasm jiggles.
The endoplasm jiggles.
You closely miss the jackal. The jackal closely misses you.
The jackal barely misses you.
You hit the jackal.
The jackal is moderately wounded.
The jackal closely misses you.
You hit the jackal.
The jackal is severely wounded.
The jackal closely misses you.
You hit the jackal.
You kill the jackal!
The jackal closely misses you.
You hit the jackal but do no damage. The jackal completely misses you.
You hit the jackal.
The jackal is severely wounded.
The jackal closely misses you.
You hit the jackal.
You kill the jackal!
You hit the endoplasm but do no damage. The endoplasm hits you.
You die...

........J....# #.....#
.............## #J###.# #
...###...###...# #J###.#...#
...#......<#...# #.[.hh....#
...#.......#...# #h###......
#.............## #h###......
#......#......# #..........
.#.............####..###.....
#...#....J..#...@JJ.## ##
#...#>......#...###.......
#...###...###...##.....#....
#........J....##...........
#.............#(...........
###...###...###............
##.......................
##.....†................
#......................


You could see 2 endoplasms.

Vanquished Creatures
  A ball python (D:1)
  3 jackals (D:1)
  A frilled lizard (D:1)
5 creatures vanquished.

Notes
Turn   | Place    | Note
-------+----------+-------------------------------------------
     0 | D:1      | styxcanada the Spriggan Brigand began the quest for the
                  | Orb.
     0 | D:1      | Reached XP level 1. HP: 10/10 MP: 2/2
   100 | D:1      | Reached skill level 6 in Stealth
   118 | D:1      | Slain by an endoplasm

Illustrated notes

Levels and vault maps discovered:
D:1:      minmay_arrival_open_corners, layout_rooms,
          shapermc_ecumenical_altar_pompeii

Skill      XL: |  1 |
---------------+----+-----
Stealth        | 6 |  6.2
Fighting       | |  1.7
Short Blades   | |  2.1
Throwing       | |  2.0
Dodging        | |  1.7

Action                   || total
-------------------------++-------
Melee: Dagger            ||    19
  Use: Scroll            ||     1
 Stab: Sleeping          ||     1
Armor: Robe              ||     4
Dodge: Dodged            ||    14
